 Dungeon Crawl Stone Soup version 0.27-a0-1191-g601b473118 (webtiles) character file.

Game seed: 7896200651393999932

95 bande the Shield-Bearer (level 4, 29/29 HPs)
             Began as a Gargoyle Fighter on May 25, 2021.
             Quit the game on level 3 of the Dungeon.
             The game lasted 00:04:21 (2087 turns).

bande the Shield-Bearer (Gargoyle Fighter)          Turns: 2087, Time: 00:04:21

Health: 29/29      AC: 11    Str: 19    XL:     4   Next: 66%
Magic:  4/4        EV:  7    Int:  9    God:
Gold:   14         SH:  9    Dex: 10    Spells: 3/3 levels left

rFire    . . .     SeeInvis .   a - +0 war axe
rCold    . . .     Faith    .   c - +0 kite shield
rNeg     + . .     Spirit   .   b - +0 scale mail
rPois    ∞         Reflect  .   (helmet restricted)
rElec    +         Harm     .   (no cloak)
rCorr    .         Rampage  .   (no gloves)
Will     +....                  l - +0 pair of boots
Stlth    ..........             (no amulet)
HPRegen  0.09/turn              (no ring)
MPRegen  0.09/turn              (no ring)

@: no status effects
A: sickness immunity, AC +3, negative energy resistance 1, electricity
resistance, torment resistance 1, petrification resistance, horns 1,
strong-willed 1, inhibited regeneration
a: no special abilities


You were on level 3 of the Dungeon.
You visited 1 branch of the dungeon, and saw 3 of its levels.

You collected 14 gold pieces.

Inventory:

Hand Weapons
 a - a +0 war axe (weapon)
 k - a +0 flail
Armour
 b - a +0 scale mail (worn)
 c - a +0 kite shield (worn)
 l - a +0 pair of boots (worn)
Jewellery
 o - a ring of wizardry
Wands
 i - a wand of acid (7)
 m - a wand of flame (19)
Scrolls
 f - a scroll of noise
 g - 2 scrolls of identify
 h - 3 scrolls of fog {unknown}
 p - a scroll of silence {unknown}
Potions
 d - 2 potions of might
 j - a potion of attraction
 q - a potion of heal wounds {unknown}


   Skills:
 + Level 3.7 Fighting
 + Level 2.5 Axes
 + Level 3.9 Armour
 + Level 0.4 Dodging
 + Level 4.1 Shields
 * Level 0.7 Evocations


You had 3 spell levels left.
You didn't know any spells.
Your spell library contained the following spells:

 Spells                   Type           Power      Damage    Failure   Level
 Freeze                   Ice            0%         1d3       99%         1
 Frozen Ramparts          Ice            0%         1d2       100%        3
 Ozocubu's Armour         Ice            0%         N/A       100%        3
 Hailstorm                Conj/Ice       0%         3d3       100%        4
 Metabolic Englaciation   Hex/Ice        0%         N/A       100%        5


Dungeon Overview and Level Annotations

Branches:
Dungeon (3/15)

Altars:
Ashenzari


Innate Abilities, Weirdness & Mutations

You are immune to sickness and miasma.
Your stone body is resilient. (AC +3)
You are immune to poison.
You resist negative energy. (rN+)
You are resistant to electric shocks. (rElec)
You are resistant to unholy torment.
You are immune to petrification.
You have a pair of small horns on your head.
You are strong-willed. (Will+)
You do not regenerate when monsters are visible.


Message History

No target in view!
No target in view!
No target in view!
No target in view!
No target in view!
No target in view!
HP restored.
Things that are here:
a +0 dagger; a goblin corpse
q - a coppery potion
As you read the scroll labelled XUZYBETRUFF, it crumbles to dust.
You feel strangely unstable.
It was a scroll of teleportation.
Your surroundings suddenly seem different.
You block the rat's attack.
Found a robe.
A rat comes into view.
You block the rat's attack.
You see here a +0 robe.
You closely miss the rat. The rat closely misses you.
You closely miss the rat. The rat barely misses you. x2
You closely miss the rat. The rat bites you but does no damage.
You barely miss the rat. The rat bites you but does no damage.
The rat barely misses you.
You slash the rat!
You kill the rat!
As you read the scroll labelled WONYPOBOEST, it crumbles to dust.
You hear a loud clanging noise!
It was a scroll of noise.
You hear an angry hiss. x2
As you read the scroll labelled BOLECIU HYSCH, it crumbles to dust.
It is a scroll of identify.
j - a potion of attraction
As you read the scroll of identify, it crumbles to dust.
n - a potion of mutation Really quaff the potion of mutation?
You feel extremely strange. A pair of horns grows on your head!
Your regeneration stops near monsters.
You feel strong-willed.
Autopickup is now off.
Are you sure you want to abandon this character and quit the game? (Confirm with "yes".)

...........##
...........#
...........#
##+#######'##.#
##...## ##...###
##.....###...).##
#.......#.......#
#.......#.......#
#.@.[...#.......#
##.....###.....##
##...## ##...##
##### #####


There were no monsters in sight!

Vanquished Creatures
  Jessica (D:2)
  An adder (D:2)
  A worm (D:2)
  2 dart slugs (D:1)
  7 ball pythons
  3 endoplasms
  A giant cockroach (D:2)
  8 hobgoblins
  6 jackals
  2 quokkas (D:1)
  5 bats
  A frilled lizard (D:1)
  3 goblins
  3 kobolds
  5 rats
49 creatures vanquished.

Notes
Turn   | Place    | Note
-------+----------+-------------------------------------------
     0 | D:1      | bande the Gargoyle Fighter began the quest for the Orb.
     0 | D:1      | Reached XP level 1. HP: 14/14 MP: 1/1
   260 | D:1      | Reached XP level 2. HP: 18/19 MP: 2/2
   529 | D:1      | Found a faded altar of an unknown god.
   535 | D:1      | Reached XP level 3. HP: 17/23 MP: 3/3
  1362 | D:2      | Noticed Jessica
  1371 | D:2      | Killed Jessica
  1372 | D:2      | Reached skill level 4 in Shields
  1372 | D:2      | Reached XP level 4. HP: 29/29 MP: 4/4
  1457 | D:2      | Found a broken altar of Ashenzari.
  2086 | D:3      | Gained mutation: You have a pair of small horns on your
                  | head. [potion of mutation]
  2086 | D:3      | Gained mutation: You do not regenerate when monsters are
                  | visible. [potion of mutation]
  2086 | D:3      | Gained mutation: You are strong-willed. (Will+) [potion of
                  | mutation]
  2087 | D:3      | Quit the game

Illustrated notes

Levels and vault maps discovered:
D:1:      minmay_arrival_doors, layout_loops_ring, ebering_ecumenical_altar_box,
          chequers_garden
D:2:      layout_basic, basic_altar, minmay_fractal_squares_gapless_5,
          uniq_jessica
D:3:      kennysheep_six_static_rooms, layout_rooms, uniq_terence

Skill      XL: |  1  2  3 |
---------------+----------+-----
Axes           | 2 |  2.5
Shields        | 4 |  4.1
Fighting       | |  3.7
Armour         | |  3.9
Dodging        | |  0.4
Evocations     | |  0.7

Action                   |  1- 3 |  4- 6 || total
-------------------------+-------+-------++-------
Melee: War axe           |    99 |    56 ||   155
  Use: Scroll            |       |     4 ||     4
       Potion            |       |     1 ||     1
Armor: Scale mail        |    57 |    38 ||    95
Dodge: Dodged            |    35 |    19 ||    54
Block: Kite shield       |    78 |    39 ||   117

Table legend: (Time is in decaauts)
 A = Elapsed time spent in this place.
 B = Non-inter-level travel time spent in this place.
 C = Inter-level travel time spent in this place.
 D = Time resting spent in this place.
 E = Time spent auto-exploring this place.
 F = Levels seen in this place.
 G = Mean time per level.
                   A        B        C        D        E       F      G
               +--------+--------+--------+--------+--------+-----+--------+
         Total |   2182 |   2182 |      0 |     75 |   1626 |   3 |  727.3 |
       Dungeon |   2182 |   2182 |      0 |     75 |   1626 |   3 |  727.3 |
               +--------+--------+--------+--------+--------+-----+--------+

Top non-repeatable levels by time:
     D:1: 1042 daAuts
     D:2: 1021 daAuts
     D:3: 118 daAuts
